 Dungeon Crawl Stone Soup version 0.22.1-1-ga44c0e56f4 (webtiles) character file.

100 Jynx the Changer (level 4, 0/42 HPs)
             Began as an Octopode Transmuter on Nov 1, 2018.
             Succumbed to Crazy Yiuf's poison
             ... on level 2 of the Dungeon.
             The game lasted 00:02:54 (2232 turns).

Jynx the Changer (Octopode Transmuter)              Turns: 2232, Time: 00:02:54

Health: 0/42       AC:  2    Str: 14    XL:     4   Next: 73%
Magic:  6/8        EV: 20    Int: 15    God:
Gold:   103        SH:  0    Dex: 18    Spells: 3/9 levels left

rFire    . . .     SeeInvis .     - Unarmed
rCold    . . .     Gourm    .   (shield currently unavailable)
rNeg     . . .     Faith    .   (helmet currently unavailable)
rPois    x         Spirit   .   (no amulet)
rElec    .         Reflect  .   (no ring)
rCorr    .         Harm     .   (no ring)
MR       .....                  (no ring)
Stlth    ..........             (no ring)
HPRegen  0.14/turn              (no ring)
MPRegen  0.11/turn              (no ring)
                                (no ring)
                                (no ring)

@: berserking (expiring), lethally poisoned (0 -> -38), spider-form (expiring),
very quick
A: tiny, almost no armour, stealthy swim, (amphibious), 8 rings, (constrict 8)
a: End Transformation


You were on level 2 of the Dungeon.
You were not hungry.
You were a venomous arachnid creature.
You visited 1 branch of the dungeon, and saw 2 of its levels.

You collected 103 gold pieces.

Inventory:

Missiles
 a - 12 arrows
Jewellery
 b - a cursed ring of stealth {unknown}
Scrolls
 f - 2 scrolls of magic mapping
 h - 2 scrolls of amnesia
 i - 3 scrolls of identify {unknown}
 j - a scroll of remove curse
 l - a scroll of immolation {unknown}
 m - a scroll of fear {unknown}
 n - a scroll of blinking {unknown}
Potions
 d - a potion of berserk rage
 e - a potion of cancellation {unknown}
 g - a potion of ambrosia {unknown}
Comestibles
 c - 6 rations
 k - 2 chunks of flesh


   Skills:
 - Level 1.0 Fighting
 - Level 2.0 Dodging
 - Level 3.0 Unarmed Combat
 + Level 3.0 Spellcasting
 * Level 4.0 Transmutations


You had 3 spell levels left.
You knew the following spells:

 Your Spells              Type           Power        Failure   Level  Hunger
a - Beastly Appendage     Tmut           ##....       12%         1    #......
b - Sticks to Snakes      Tmut           ##......     16%         2    ##.....
c - Spider Form           Tmut/Pois      #.........   47%         3    ###....

Your spell library contained the following spells:

 Spells                   Type           Power        Failure   Level  Hunger
 Ice Form                 Ice/Tmut       #.......     83%         4    #####..
 Blade Hands              Tmut           ##........   87%         5    ######.


Dungeon Overview and Level Annotations

Branches:
Dungeon (2/15)

Altars:


Innate Abilities, Weirdness & Mutations

You cannot wear most types of armour.
You are very stealthy in the water. (Stealth+)
((You are amphibious.))
You can wear up to eight rings at the same time.
((You can use your tentacles to constrict eight enemies at once.))
((Your skin changes colour to match your surroundings (Stealth+).))
((Your rubbery body absorbs attacks. (AC +1, EV +1)))


Message History

Crazy Yiuf is severely wounded.
* * * LOW HITPOINT WARNING * * *
You feel very sick.
You kill Crazy Yiuf!
Your Spellcasting skill increases to level 3!
Your Transmutations skill increases to level 4!
It was a potion of berserk rage.
A red film seems to cover your vision as you go berserk!
You feel yourself moving faster!
You feel mighty!
Your transformation is almost over.
* * * LOW HITPOINT WARNING * * *
You feel very sick.
You are too berserk!
You are too berserk!
You are too berserk!
You are too berserk!
You feel a strong urge to attack something.
* * * LOW HITPOINT WARNING * * *
You feel sick.
You die...

###.####.####..(.......####
#.....##...##..######### #
###.###.####.##..# # #..##
### ####### # #.## #
#.###♣♣♣♣♣ #
#.#..P.♣.♣♣♣##### ####### #
#####.....P.♣..♣#...#
#.....# #
.........PP♣♣♣♣.s..)#
#####.##### ######...P♣♣
♣♣#..)# #...... # ####♣♣
##### #######


There were no monsters in sight!

Vanquished Creatures
  Crazy Yiuf (D:2)
  2 adders (D:2)
  2 oozes
  3 dart slugs
  A leopard gecko (D:1)
  3 giant cockroaches
  5 hobgoblins
  4 jackals (D:2)
  2 ball pythons
  4 bats
  3 frilled lizards
  2 goblins (D:1)
  5 kobolds
  4 rats
41 creatures vanquished.

Notes
Turn   | Place    | Note
-------+----------+-------------------------------------------
     0 | D:1      | Jynx the Octopode Transmuter began the quest for the Orb.
     0 | D:1      | Reached XP level 1. HP: 13/13 MP: 3/3
   182 | D:1      | Reached XP level 2. HP: 18/18 MP: 3/5
   575 | D:1      | Reached skill level 3 in Transmutations
   575 | D:1      | Reached XP level 3. HP: 23/23 MP: 6/6
   918 | D:2      | Learned a level 2 spell: Sticks to Snakes
   922 | D:2      | Learned a level 3 spell: Spider Form
  1173 | D:2      | HP: 1/23 [worm (12)]
  1685 | D:2      | Reached XP level 4. HP: 28/28 MP: 8/8
  1985 | D:2      | Found a runed door.
  2222 | D:2      | Noticed Crazy Yiuf
  2229 | D:2      | Killed Crazy Yiuf
  2229 | D:2      | Reached skill level 4 in Transmutations
  2231 | D:2      | HP: 2/42 [poisoned by Crazy Yiuf]
  2232 | D:2      | Succumbed to Crazy Yiuf's poison

Skill      XL: |  1  2  3  4 |
---------------+-------------+-----
Transmutations | 3 4 |  4.0
Spellcasting   | 3 |  3.0
Fighting       | |  1.0
Dodging        | |  2.0
Unarmed Combat | |  3.0

Action                   |  1- 3 |  4- 6 || total
-------------------------+-------+-------++-------
Melee: Unarmed           |    77 |    23 ||   100
       Constrict         |    18 |     5 ||    23
       Kick              |    10 |     3 ||    13
       Tentacles         |    12 |     2 ||    14
       Punch             |     2 |       ||     2
 Cast: Beastly Appendage |    14 |     3 ||    17
       Spider Form       |       |     1 ||     1
  Use: Scroll            |     3 |       ||     3
       Potion            |       |     1 ||     1
 Stab: Sleeping          |     6 |     2 ||     8
  Eat: Chunk             |     2 |     2 ||     4
Armor: Skin              |     6 |       ||     6
Dodge: Dodged            |    68 |    18 ||    86
